 Dungeon Crawl Stone Soup version 0.28.0-53-g5a82cb258f (webtiles) character file.

Game seed: 4498494007161729786

69426 MiltankisOP the Destroyer (level 14, -4/107 HPs)
             Began as a Purple Draconian Ice Elementalist on June 13, 2022.
             Was a High Priest of Sif Muna.
             Shot with a bolt by an orc knight (6 damage)
             ... on level 2 of the Orcish Mines on June 14, 2022.
             The game lasted 02:23:44 (35175 turns).

MiltankisOP the Destroyer (DrIE)                   Turns: 35175, Time: 02:23:44

Health: -4/107     AC: 10    Str: 10    XL:     14   Next: 90%
Magic:  24/30      EV: 16    Int: 21    God:    Sif Muna [*****.]
Gold:   1919       SH:  0    Dex: 12    Spells: 19/37 levels left

rFire   + . .      SeeInvis .   w - +9 dagger of Iruxzof {drain, rF+}
rCold   + . .      Faith    .   (no shield)
rNeg    + . .      Spirit   .   (armour unavailable)
rPois   .          Reflect  .   (helmet restricted)
rElec   .          Harm     .   (no cloak)
rCorr   .          Rampage  .   x - +0 pair of gloves
Will    ++...                   O - +0 pair of boots
Stlth   ++........              (no amulet)
HPRegen 0.27/turn               y - ring of protection from cold
MPRegen 0.22/turn               F - ring of positive energy

@: no status effects
A: breathe power, AC +8, unfitting armour, cold-blooded
a: Breathe Dispelling Energy, Renounce Religion, Channel Magic, Forget Spell,
Divine Exegesis


You were on level 2 of the Orcish Mines.
You worshipped Sif Muna.
Sif Muna was extremely pleased with you.
You visited 3 branches of the dungeon, and saw 20 of its levels.
You also visited: Gauntlet.

You collected 1919 gold pieces.

Inventory:

Hand Weapons
 w - the +9 dagger of Iruxzof (weapon) {drain, rF+}
   (You found it on level 6 of the Dungeon)

   A truly terrible weapon, it drains the life of any living foe it strikes.
   rF:        It protects you from fire.
 M - the +9 quarterstaff of Himuypre {freeze, SInv}
   (You found it on level 11 of the Dungeon)

   It freezes those it strikes, dealing additional cold damage.
   It can also slow down cold-blooded creatures.
   SInv:      It lets you see invisible.
Missiles
 k - 2 throwing nets
Armour
 x - a +0 pair of gloves (worn)
 O - a +0 pair of boots (worn)
 S - the +13 plate armour of the Dwarven Hall {+Blink rPois rC+++ Stlth-}
   (You found it on level 4 of the Lair of Beasts)

   rC:        It renders you almost immune to cold.
   rPois:     It protects you from poison.
   +Blink:    It lets you blink.
   Stlth:     It makes you less stealthy.
Magical Staves
 Y - a staff of cold
Jewellery
 n - a ring of flight
 p - the dreamshard necklace {*Dream Drain}
   (You found it in a Gauntlet)

   [amulet of nothing]

   It shatters if its wearer takes lethal or near-lethal damage, preventing the
   blow and releasing protective dreams that heal and fight for the wearer.
   Drain:     It drains your maximum health when unequipped.
 y - a ring of protection from cold (left hand)
 E - an amulet of guardian spirit
 F - a ring of positive energy (right hand)
 G - a ring of fire
 K - a ring of ice
 W - an amulet of faith
 X - a ring of wizardry
 Z - the amulet of Woegig {Spirit rPois Stlth+}
   (You took it off a spriggan on level 6 of the Lair of Beasts)

   [amulet of guardian spirit]

   It causes incoming damage to be divided between your reserves of health and
   magic.
   rPois:     It protects you from poison.
   Stlth:     It makes you more stealthy.
Wands
 d - a wand of digging (6)
 s - a wand of mindburst (27)
 B - a wand of iceblast (7)
 N - a wand of acid (1)
Scrolls
 c - 2 scrolls of noise {unknown}
 f - 5 scrolls of teleportation
 i - 2 scrolls of fog {unknown}
 m - 5 scrolls of enchant armour
 o - 2 scrolls of holy word {unknown}
 q - 2 scrolls of identify
 t - 5 scrolls of immolation
 z - 4 scrolls of magic mapping {unknown}
 C - 2 scrolls of brand weapon {unknown}
 H - 3 scrolls of vulnerability {unknown}
 L - 8 scrolls of enchant weapon
 T - a scroll of amnesia {unknown}
 U - a scroll of blinking {unknown}
Potions
 a - 4 potions of lignification
 b - 3 potions of haste
 e - 7 potions of ambrosia
 g - 2 potions of might
 h - 3 potions of curing
 j - 3 potions of cancellation
 l - 5 potions of attraction
 u - 4 potions of degeneration
 v - 6 potions of magic
 P - a potion of mutation
 Q - 5 potions of flight
 V - a potion of brilliance


   Skills:
 - Level 5.0 Fighting
 - Level 3.1 Short Blades
 - Level 10.0 Dodging
 - Level 1.7 Stealth
 - Level 1.2 Unarmed Combat
 - Level 12.0 Spellcasting
 + Level 13.0 Conjurations
 - Level 8.0 Hexes
 - Level 4.0 Summonings
 - Level 4.0 Necromancy
 - Level 7.0 Transmutations
 - Level 8.2 Ice Magic
 - Level 6.0 Earth Magic
 - Level 10.0 Invocations


You had 19 spell levels left.
You knew the following spells:

 Your Spells              Type           Power      Damage    Failure   Level
a - Freeze                Ice            100%       1d11      1%          1
b - Frozen Ramparts       Ice            94%        1d11      1%          3
c - Ozocubu's Armour      Ice            47%        N/A       1%          3
d - Vampiric Draining     Necr           29%        2d8       3%          3
e - Leda's Liquefaction   Hex/Erth       21%        N/A       3%          4
f - Summon Ice Beast      Ice/Summ       38%        N/A       4%          4

Your spell library contained the following spells:

 Spells                   Type           Power      Damage    Failure   Level
 Animate Skeleton         Necr           58%        N/A       1%          1
 Foxfire                  Conj/Fire      100%       2x1d9     1%          1
 Pain                     Necr           100%       1d9       1%          1
 Slow                     Hex            100%       N/A       1%          1
 Summon Small Mammal      Summ           100%       N/A       1%          1
 Ensorcelled Hibernation  Hex/Ice        92%        N/A       1%          2
 Confusing Touch          Hex            46%        N/A       1%          3
 Stone Arrow              Conj/Erth      100%       3d13      1%          3
 Cause Fear               Hex            23%        N/A       1%          4
 Hailstorm                Conj/Ice       55%        3d12      1%          4
 Ice Form                 Ice/Tmut       44%        N/A       2%          4
 Corpse Rot               Necr/Air       42%        N/A       3%          2
 Portal Projectile        Hex/Tloc       58%        N/A       3%          3
 Sticky Flame             Conj/Fire      39%        2d6       3%          4
 Anguish                  Hex/Necr       18%        N/A       4%          4
 Apportation              Tloc           24%        N/A       5%          1
 Ignite Poison            Fire/Tmut/Pois 22%        N/A       6%          3
 Poisonous Vapours        Pois/Air       24%        N/A       8%          2
 Blade Hands              Tmut           21%        N/A       9%          5
 Animate Dead             Necr           14%        N/A       10%         4
 Dispel Undead            Necr           29%        3d13      10%         4
 Summon Mana Viper        Hex/Summ       37%        N/A       12%         5
 Swiftness                Air            12%        N/A       16%         3
 Iron Shot                Conj/Erth      25%        9d5       16%         6
 Borgnjor's Vile Clutch   Necr/Erth      16%        N/A       19%         5
 Summon Lightning Spire   Summ/Air       21%        N/A       22%         4
 Agony                    Necr           29%        N/A       28%         5
 Alistair's Intoxication  Tmut/Pois      18%        N/A       34%         5
 Simulacrum               Ice/Necr       19%        N/A       54%         6
 Death Channel            Necr           14%        N/A       83%         6
 Haunt                    Necr/Summ      14%        N/A       100%        7
 Discord                  Hex            23%        N/A       100%        8
 Infestation              Necr           14%        N/A       100%        8
 Lehudib's Crystal Spear  Conj/Erth      25%        10d7      100%        8
 Chain Lightning          Conj/Air       19%        3d26      100%        9
 Animate Armour           Summ/Erth      Unusable   N/A       N/A         4

Dungeon Overview and Level Annotations

Branches:
Dungeon (12/15)            Temple (0/1) D:7            Lair (6/6) D:11
  Swamp (0/4) Lair:3       Spider (0/4) Lair:2        Slime (0/5) Lair:5
    Orc (2/2) D:12        Gauntlet (visited)
    Elf: Orc:2

Altars:
Dithmenos
Elyvilon
Gozag
Hepliaklqana
Kikubaaqudgha
Makhleb
Ru
Sif Muna
Uskayaw
Wu Jian
Xom
Yredelemnul
Beogh
Lugonu

Shops:
D:2 [   Orc:1 =

Portals:
Abyss: Lair:6

Annotations:
D:3 1 runed translucent door, Crazy Yiuf
Lair:1 3 runed translucent doors, exclusion: oklob plant, Zeld's ghost, journeyman DrCj
Lair:3 2 transporters, jiml777's ghost, journeyman GrEE


Innate Abilities, Weirdness & Mutations

You can breathe bolts of dispelling energy.
Your rich purple scales are hard. (AC +8)
You cannot fit into any form of body armour.
You are cold-blooded and may be slowed by cold attacks.


Message History

The orc warriors go into a battle-frenzy!
The wall freezes the orc warrior.
The wall freezes the orc warrior!
You hear a screech!
The wall freezes the orc knight!
The orc knight shoots a bolt.
The bolt closely misses you.
The wall freezes the orc warrior. x2
The wall freezes the orc knight.
The orc knight shoots a bolt.
The bolt hits you!
The wall freezes the orc warrior!
You kill the orc warrior!
Sif Muna accepts your kill.
The wall freezes the orc warrior.
Your Conjurations skill increases to level 13!
The wall freezes the orc knight!
The orc knight shoots a bolt.
The bolt hits you!!
The wall freezes the orc warrior!
You kill the orc warrior!
Sif Muna accepts your kill.
You hear a screech!
The wall freezes the orc warrior!
The wall freezes the orc knight.
The orc knight shoots a bolt.
The bolt barely misses you.
Your icy armour and frozen ramparts will break if you move.
Continue?
Your icy armour cracks and falls away as you move.
The frozen ramparts melt away as you move.
An orc warrior comes into view. It is wielding a +0 war axe.
The orc knight unwields a +0 arbalest.
The orc knight wields a +0 battleaxe.
The orc knight hits you with a +0 battleaxe!!
The orc warrior hits you from afar with a +0 halberd!!
* * * LOW HITPOINT WARNING * * *
The orc warrior moves out of view.
Things that are here:
a +0 morningstar; a +0 chain mail; an orc corpse The orc knight unwields a +0 battleaxe.
The orc knight wields a +0 arbalest.
The orc knight shoots a bolt.
The bolt misses you.
The orc knight shoots a bolt.
The bolt hits you!
* * * LOW HITPOINT WARNING * * *
Found 28 gold pieces.
The orc knight shoots a bolt.
The bolt hits you!
* * * LOW HITPOINT WARNING * * *
The orc knight shoots a bolt.
The bolt barely misses you.
There is a stone staircase leading up here.
The orc knight shoots a bolt.
The bolt hits you.
You die...

...#.............. #......o..
#.###.....# ......# #......#..
##.#....... ......### #.........
#.......## $......# ##........
#.......<######..... ##.......
##.......#.#.......## #........
##.................#####o.......
###................oo)o).......
#...........@..#######.......
####..........## ##......
##........## ###.... #........##
#.... #.......## ..... ##...####
..... ##.## .##.. ##.# # ###


You could see an orc knight and an orc warrior (strong).

Vanquished Creatures
  A frost giant (D:9)
  A dire elephant (Lair:4)
  A minotaur (Gauntlet)
  Snorg (Orc:1)
  4 hydras
  4 boulder beetles
  2 catoblepae
  13 death yaks
  2 two-headed ogres
  3 thrashing horrors (Lair:6)
  An ugly thing (Lair:6)
  2 manticores
  An orc sorcerer (Orc:2)
  4 cyclopes
  24 elephants
  4 black mambas
  2 smoke demons
  7 cane toads
  2 torpor snails
  A gargoyle (D:7)
  4 rime drakes
  6 komodo dragons
  A queen bee (Lair:5)
  2 ancient zymes (Lair:6)
  6 trolls
  A red devil (Gauntlet)
  2 polar bears
  Grinder (D:4)
  3 meliai (Lair:5)
  2 dream sheep
  2 hornets
  15 blink frogs
  2 jumping spiders (Lair:2)
  A spriggan (shapeshifter) (Lair:6)
  Sigmund (D:4)
  A spriggan (Lair:6)
  4 wraiths
  3 ynoxinuls
  Eustachio (D:5)
  5 wyverns
  A steam dragon (D:5)
  5 basilisks
  45 yaks
  11 vampire mosquitoes
  3 chaos spawn (Lair:6)
  7 wargs
  3 large abominations (Lair:6)
  2 hell hounds (Lair:5)
  2 acid dragons
  17 water moccasins
  Duvessa (D:5)
  4 ice beasts
  2 sky beasts
  The ghost of Cheops the Changer, an amateur FeTm (D:5)
  15 orc warriors
  A necrophage (D:6)
  4 black bears
  10 ogres
  9 wolves
  2 centaurs
  A phantom (D:6)
  5 kobold brigands
  7 small abominations (Lair:6)
  7 bullfrogs
  A wyvern zombie (D:8)
  5 scorpions
  Dowan (D:5)
  A water moccasin skeleton (D:5)
  21 killer bees
  10 wights
  6 howler monkeys
  A vampire bat (D:5)
  2 bullfrog zombies
  An electric eel (Lair:5)
  2 centaur zombies
  2 crimson imps (Gauntlet)
  5 hounds
  2 jellies
  11 orc priests
  2 centaur skeletons (D:7)
  Ijyb (D:5)
  4 iguanas
  2 iron imps (Gauntlet)
  13 orc wizards
  A killer bee zombie (D:8)
  4 howler monkey zombies
  4 gnolls (D:2)
  4 adders
  An ufetubus (D:6)
  3 worms
  5 dart slugs
  3 fire bats (D:5)
  38 orcs
  2 spectral bats (D:5)
  17 bats
  3 bat skeletons (D:5)
  A bat zombie (D:5)
  6 endoplasms
  5 giant cockroaches
  3 goblins (D:2)
  6 hobgoblins
  33 kobolds
  6 quokkas
  12 ball pythons
  A bat simulacrum (D:5)
  6 frilled lizards
  2 rats (D:2)
567 creatures vanquished.

Vanquished Creatures (collateral kills)
  A hydra (Lair:4)
1 creature vanquished.

Vanquished Creatures (others)
  A blink frog (Lair:6)
  5 bushes (Lair:5)
  A demonic plant (Gauntlet)
  63 fungi
  145 plants
215 creatures vanquished.

Grand Total: 783 creatures vanquished

Notes
Turn   | Place    | Note
-------+----------+-------------------------------------------
     0 | D:1      | MiltankisOP the Draconian Ice Elementalist began the quest
                  | for the Orb.
     0 | D:1      | Reached XP level 1. HP: 14/14 MP: 3/3
   172 | D:1      | Reached XP level 2. HP: 19/20 MP: 0/5
   535 | D:1      | Found a faded altar of an unknown god.
  1447 | D:2      | Reached XP level 3. HP: 26/26 MP: 4/6
  1649 | D:2      | Reached skill level 5 in Ice Magic
  1809 | D:2      | Reached skill level 1 in Unarmed Combat
  1847 | D:2      | Reached XP level 4. HP: 32/34 MP: 0/7
  2286 | D:2      | You fall into a shaft and drop 2 floors!
  2456 | D:4      | Noticed Grinder
  2602 | D:3      | Found a runed translucent door.
  2603 | D:3      | Noticed Crazy Yiuf
  3355 | D:2      | Reached XP level 5. HP: 39/39 MP: 3/8
  3434 | D:2      | Found Xarag's Armour Shoppe.
  4063 | D:3      | Found a shimmering blue altar of Sif Muna.
  4257 | D:3      | Became a worshipper of Sif Muna the Loreminder
  4491 | D:4      | Found an opulent altar of Gozag.
  4554 | D:4      | Found a sacrificial altar of Ru.
  4554 | D:4      | Found an ancient bone altar of Kikubaaqudgha.
  4555 | D:4      | Noticed an ogre
  4574 | D:5      | Entered Level 5 of the Dungeon
  4641 | D:5      | Reached XP level 6. HP: 42/46 MP: 1/9
  4782 | D:5      | Learned a level 3 spell: Frozen Ramparts
  4786 | D:5      | Learned a level 3 spell: Ozocubu's Armour
  4912 | D:5      | Noticed a steam dragon
  4922 | D:5      | Found a runed translucent door.
  4922 | D:5      | Noticed a wyvern
  4929 | D:5      | Killed a wyvern
  4930 | D:5      | Your scales start taking on a rich purple colour.
  4930 | D:5      | Reached XP level 7. HP: 49/51 MP: 1/10
  5035 | D:5      | Noticed Ijyb
  5049 | D:5      | Noticed Dowan
  5049 | D:5      | Noticed Duvessa
  5060 | D:5      | Killed Duvessa
  5062 | D:5      | Killed Ijyb
  5064 | D:5      | Killed Dowan
  5551 | D:5      | Killed a steam dragon
  5552 | D:5      | Reached skill level 5 in Spellcasting
  5703 | D:5      | Noticed Eustachio
  5722 | D:5      | Killed Eustachio
  5723 | D:5      | Reached XP level 8. HP: 58/58 MP: 11/18
  5804 | D:5      | Learned a level 3 spell: Vampiric Draining
  5934 | D:5      | Reached * piety under Sif Muna
  5935 | D:5      | Reached skill level 1 in Necromancy
  6079 | D:5      | Noticed Cheops's ghost (amateur FeTm)
  6400 | D:5      | Killed Cheops's ghost
  6401 | D:5      | Reached skill level 1 in Invocations
  6569 | D:6      | Noticed a cyclops
  6569 | D:6      | Found an opulent altar of Gozag.
  6575 | D:6      | Killed a cyclops
  6576 | D:6      | Reached skill level 5 in Invocations
  6727 | D:6      | Got the Disquisition on the Dusty Snowflakes
  6797 | D:6      | Found a basalt altar of Yredelemnul.
  6807 | D:6      | Reached skill level 1 in Fighting
  6888 | D:4      | Reached XP level 9. HP: 62/67 MP: 12/19
  6930 | D:4      | Found a shadowy altar of Dithmenos.
  7094 | D:4      | Found a shimmering altar of Xom.
  7121 | D:4      | Found an ornate altar of the Wu Jian Council.
  7218 | D:4      | Noticed Sigmund
  7224 | D:4      | Killed Sigmund
  7540 | D:4      | Killed Grinder
  7739 | D:6      | Reached ** piety under Sif Muna
  7874 | D:6      | Reached skill level 5 in Fighting
  8133 | D:6      | Reached skill level 5 in Dodging
  8144 | D:6      | Identified the +9 dagger of Iruxzof {drain, rF+}
  8575 | D:6      | Reached skill level 1 in Transmutations
  8682 | D:6      | Found a shimmering altar of Xom.
  8999 | D:7      | Found a staircase to the Ecumenical Temple.
  9462 | D:7      | Reached XP level 10. HP: 76/81 MP: 13/20
  9606 | D:7      | Reached *** piety under Sif Muna
  9737 | D:7      | Noticed a +0 falchion
  9737 | D:7      | Noticed a +0 falchion
  9738 | D:7      | Noticed a +0 spear
  9738 | D:7      | Noticed a +0 spear
  9738 | D:7      | Noticed a +0 short sword
  9738 | D:7      | Noticed a gargoyle
  9738 | D:7      | Noticed a +0 dagger
  9748 | D:7      | Killed a gargoyle
  9749 | D:7      | Reached skill level 5 in Transmutations
  9764 | D:7      | Noticed a +0 short sword
  9786 | D:7      | Noticed a +0 dagger
  9804 | D:7      | Found a hide-covered altar of Uskayaw.
 10539 | D:8      | Noticed a boulder beetle
 10557 | D:8      | Killed a boulder beetle
 10618 | D:8      | Found a white marble altar of Elyvilon.
 10946 | D:8      | Got Yreotee's Guide on the Birds
 11813 | D:9      | Found a burning altar of Makhleb.
 11940 | D:9      | Found a hazy altar of Hepliaklqana.
 12264 | D:9      | Noticed a two-headed ogre
 12281 | D:9      | Killed a two-headed ogre
 12512 | D:9      | Reached XP level 11. HP: 73/86 MP: 10/21
 12647 | D:9      | Identified the +3 mace "Godyxaba" {venom, Will++ MP+9}
 12685 | D:9      | Noticed a frost giant
 12711 | D:9      | Killed a frost giant
 13057 | D:9      | Learned a level 4 spell: Leda's Liquefaction
 13073 | D:10     | Entered Level 10 of the Dungeon
 13308 | D:10     | Reached **** piety under Sif Muna
 13322 | D:10     | Reached skill level 10 in Invocations
 13744 | D:10     | Reached skill level 1 in Hexes
 13745 | D:10     | Reached skill level 1 in Earth Magic
 14225 | D:11     | Noticed a boulder beetle
 14247 | D:11     | Killed a boulder beetle
 14438 | D:11     | Identified the +9 quarterstaff of Himuypre {freeze, SInv}
 14606 | D:11     | Reached skill level 5 in Hexes
 14814 | D:11     | Found a staircase to the Lair.
 15161 | D:11     | Reached skill level 5 in Earth Magic
 15600 | Lair:1   | Entered Level 1 of the Lair of Beasts
 15972 | Lair:1   | Found a runed translucent gate.
 15972 | Lair:1   | Found a runed translucent gate.
 15972 | Lair:1   | Found a runed translucent gate.
 15977 | Lair:1   | Noticed Zeld's ghost (journeyman DrCj)
 16093 | Lair:1   | Reached XP level 12. HP: 83/94 MP: 11/22
 16885 | Lair:2   | Learned a level 4 spell: Summon Ice Beast
 16977 | Lair:2   | Reached skill level 1 in Summonings
 17115 | Lair:2   | Noticed a catoblepas
 17137 | Lair:2   | Killed a catoblepas
 17543 | Lair:2   | Found a hole to the Spider Nest.
 18141 | Lair:3   | Found a transporter.
 18157 | Lair:3   | Found a transporter.
 18157 | Lair:3   | Noticed a rakshasa
 18167 | Lair:3   | Noticed jiml777's ghost (journeyman GrEE)
 18503 | Lair:3   | Noticed a five-headed hydra
 18517 | Lair:3   | Killed a five-headed hydra
 18796 | Lair:3   | Found a staircase to the Swamp.
 19328 | Lair:3   | Noticed a boulder beetle
 19412 | Lair:4   | Reached ***** piety under Sif Muna
 19738 | Lair:4   | Received a gift from Sif Muna
 19770 | Lair:4   | Got Sif Muna's Handbook of the Oath {god gift}
 20119 | Lair:4   | Noticed a dire elephant
 20131 | Lair:4   | Noticed a catoblepas
 20133 | Lair:4   | Killed a dire elephant
 20138 | Lair:4   | Reached skill level 10 in Dodging
 20138 | Lair:4   | Reached XP level 13. HP: 29/100 MP: 14/24
 20537 | Lair:4   | Identified the +13 plate armour of the Dwarven Hall {+Blink
                  | rPois rC+++ Stlth-}
 20872 | Lair:4   | HP: 5/100 [poisoned by a cane toad]
 22158 | Lair:5   | Found a staircase to the Slime Pits.
 22201 | Lair:5   | Reached skill level 10 in Spellcasting
 24239 | Lair:5   | Reached skill level 1 in Conjurations
 24445 | Lair:5   | Reached skill level 2 in Conjurations
 24511 | Lair:5   | Reached skill level 3 in Conjurations
 24871 | Lair:6   | Entered Level 6 of the Lair of Beasts
 24913 | Lair:6   | Reached skill level 4 in Conjurations
 25043 | Lair:6   | Identified the +11 great mace of Qimefe {venom, rPois
                  | Int+5}
 25136 | Lair:6   | Reached skill level 5 in Conjurations
 25637 | Lair:5   | Reached skill level 6 in Conjurations
 26513 | Lair:6   | Reached XP level 14. HP: 98/107 MP: 25/30
 26546 | Lair:6   | Reached skill level 7 in Conjurations
 27306 | Lair:6   | Reached skill level 8 in Conjurations
 27970 | Lair:6   | Got the Tome of the Compass and Evil Rituals
 28268 | Lair:6   | Reached skill level 9 in Conjurations
 29004 | Lair:6   | Identified the amulet of Woegig {Spirit rPois Stlth+}
 29013 | Lair:6   | Received a gift from Sif Muna
 29201 | Lair:6   | Got Sif Muna's Incunabulum of the Rocks and Heat {god gift}
 29496 | Lair:6   | HP: 4/107 [thrashing horror (5)]
 30217 | Lair:6   | Reached skill level 10 in Conjurations
 30356 | Lair:6   | Found a corrupted altar of Lugonu.
 30356 | Lair:6   | Found a one-way gate to the infinite horrors of the Abyss.
 30907 | D:12     | Found a gate leading to a gauntlet.
 30939 | Gauntlet | Entered a Gauntlet
 30939 | Gauntlet | Found a transporter.
 30946 | Gauntlet | Found a transporter.
 30963 | Gauntlet | Found a transporter.
 31019 | Gauntlet | Found a transporter.
 31076 | Gauntlet | Found a transporter.
 31079 | Gauntlet | Found a transporter.
 31079 | Gauntlet | Found a runed translucent door.
 31081 | Gauntlet | Found a transporter.
 31081 | Gauntlet | Found a runed translucent door.
 31103 | Gauntlet | Found a transporter.
 31113 | Gauntlet | Found a transporter.
 31135 | Gauntlet | Reached skill level 11 in Conjurations
 31150 | Gauntlet | Found a transporter.
 31150 | Gauntlet | Found a transporter.
 31819 | Gauntlet | Found the dreamshard necklace {*Dream Drain}
 32460 | D:12     | Reached skill level 12 in Conjurations
 32565 | D:12     | Found a staircase to the Orcish Mines.
 32902 | Orc:1    | Entered Level 1 of the Orcish Mines
 32985 | Orc:1    | Found Uloohe's Jewellery Emporium.
 33366 | Orc:1    | Noticed Snorg
 33384 | Orc:1    | Killed Snorg
 33708 | Orc:2    | Entered Level 2 of the Orcish Mines
 35165 | Orc:2    | Reached skill level 13 in Conjurations
 35171 | Orc:2    | HP: 1/107 [orc knight/bolt (12)]
 35175 | Orc:2    | Shot with a bolt by an orc knight

Illustrated notes

Levels and vault maps discovered:
D:1:      psy_arrival_conway, layout_basic, basic_ecumenical_altar,
          serial_aquarium, aquarium_bridge_long_joined
          [aquarium_subvault_window, aquarium_subvault_window,
          aquarium_subvault_bridge, aquarium_subvault_wall,
          aquarium_subvault_bridge, aquarium_subvault_window],
          aquarium_window_1, aquarium_window_2, aquarium_window_corridor_1,
          aquarium_view_2g, aquarium_balcony_5b, aquarium_pool_corner,
          palyth_stone_intersect, grunt_decor_cap
D:2:      layout_loops_corners, serial_shops, shop, nicolae_grassy_gnolls
D:3:      layout_basic, mainiacjoe_overflow_alcove_1, uniq_crazy_yiuf_cottage
D:4:      layout_basic, kennysheep_mini_moat, nicolae_overflow_hidden_temple,
          grunt_decor_one_mirror, uniq_grinder, uniq_sigmund
D:5:      layout_loops_cross, ebering_ghost_reflecting_pool,
          gup_sewer_entry_glass, goddamned_bats, uniq_eustachio, uniq_duvessa,
          uniq_ijyb
D:6:      layout_loops_ring, mainiacjoe_overflow_catwalk,
          minmay_tree_intersection, hangedman_feature_mirror,
          kennysheep_cross_bottleneck, serial_bayou_lagoon_a, minivault_1
D:7:      layout_loops_ring, nicolae_uskayaw_en_pointe,
          minmay_temple_entry_mini_moons, kennysheep_potato
D:8:      layout_basic, elyvilon_altar_5, minmay_bent
D:9:      layout_basic, mainiacjoe_overflow_concentric_impassable,
          bloody_makhleb, enter_bailey_2, chequers_garden, minmay_three_doors
D:10:     layout_long_grid
D:11:     layout_basic, lair_entry_dummy, patterned_corridor
D:12:     layout_roguey, minmay_orc_entry_guard_dogs, gauntlet_entry_generic,
          kennysheep_nondescript
Lair:1:   layout_regular_city, ebering_ghost_rock_garden,
          minmay_lair_oklob_items, minmay_holes
Lair:2:   layout_chaotic_city, spider_nest_entry_a, st_stairs_8,
          cheibrodos_lair_caveside_slide, chequers_serial_rivers_small_b,
          minivault_24, grunt_megastairs_5, infiniplex_staircase_pool
Lair:3:   layout_roguey, swamp_mist_pool, gammafunk_ghost_abyssal_escape
Lair:4:   nzn_winding_woodlands_small [nzn_winding_woodlands_5x15_sawtooth,
          nzn_winding_woodlands_center_pierced_h,
          nzn_winding_woodlands_5x15_pockets], layout_regular_city
Lair:5:   layout_cave_pods, slime_dummy, enter_volcano_3, special_room
          [special_room_bee], eino_small_chamber_without_monster,
          nicolae_lair_grazing_beasts [nicolae_sub_lair_graze_edge,
          nicolae_sub_lair_graze_edge, nicolae_sub_lair_graze_edge,
          nicolae_sub_lair_graze_edge], serial_bayou_shore_b,
          serial_bayou_shore_b
Lair:6:   hellmonk_lair_end_abyssal_woods, layout_long_grid
Orc:1:    layout_caves, serial_shops, shop, basic_altar, uniq_snorg
Orc:2:    pf_orc_diabolical, layout_diamond_mine, nicolae_orc_bridge_out

Skill      XL: |  1  2  3  4  5  6  7  8  9 10 11 12 13 14 |
---------------+-------------------------------------------+-----
Ice Magic      | 5 6 7 8 |  8.2
Unarmed Combat | 1 |  1.2
Spellcasting   | 7 12 | 12.0
Necromancy     | 4 |  4.0
Invocations    | 5 8 10 | 10.0
Fighting       | 1 5 |  5.0
Dodging        | 2 6 10 | 10.0
Transmutations | 3 7 |  7.0
Short Blades   | 3 |  3.1
Hexes          | 7 8 |  8.0
Earth Magic    | 5 6 |  6.0
Summonings     | 4 |  4.0
Conjurations   | 6 13 | 13.0
Stealth        | |  1.7

Action                   |  1- 3 |  4- 6 |  7- 9 | 10-12 | 13-15 || total
-------------------------+-------+-------+-------+-------+-------++-------
Melee: Unarmed           |    31 |    30 |     9 |       |       ||    70
       Tailslap          |     7 |     4 |    31 |    94 |   177 ||   313
       Punch             |       |     1 |     5 |     7 |    22 ||    35
       Short sword       |       |       |    98 |       |       ||    98
       Dagger            |       |       |    54 |   487 |   822 ||  1363
 Cast: Freeze            |    51 |    89 |    22 |    19 |    10 ||   191
       Frozen Ramparts   |       |     1 |    46 |    90 |   156 ||   293
       Ozocubu's Armour  |       |     1 |    34 |    57 |    82 ||   174
       Vampiric Draining |       |       |     1 |     5 |     5 ||    11
       Leda's Liquefacti |       |       |       |    21 |    29 ||    50
       Summon Ice Beast  |       |       |       |       |    14 ||    14
Invok: Channel Magic     |       |       |       |     1 |       ||     1
 Abil: Breathe Dispellin |       |       |     4 |     4 |     2 ||    10
Evoke: Wand              |       |       |       |     6 |    22 ||    28
  Use: Scroll            |       |     2 |     1 |     7 |    13 ||    23
       Potion            |       |       |       |     4 |     9 ||    13
 Stab: Sleeping          |     1 |       |     2 |     1 |     1 ||     5
Armor: Skin              |    18 |    20 |   116 |   158 |   358 ||   670
Dodge: Dodged            |    43 |    49 |   140 |   301 |   782 ||  1315
